 Dungeon Crawl Stone Soup version 0.20.1-1-g8b1a95d (webtiles) character file.

213 gobwax the Slasher (level 5, 0/39 HPs)
             Began as a Barachi Skald on July 10, 2017.
             Was an Initiate of Cheibriados.
             Slain by an orc
             ... wielding a +0 flail
              (3 damage)
             ... on level 4 of the Dungeon.
             The game lasted 00:05:57 (2449 turns).

gobwax the Slasher (Barachi Skald)                  Turns: 2449, Time: 00:05:57

Health: 0/39       AC:  3    Str: 15    XL:     5   Next: 90%
Magic:  7/8        EV: 12    Int: 14    God:    Cheibriados [......]
Gold:   220        SH:  4    Dex: 12    Spells: 7/8 levels left

rFire    . . .     SeeInvis .   a - +0 falchion
rCold    . . .     Gourm    .   (no shield)
rNeg     . . .     Faith    .   b - +0 leather armour
rPois    .         Spirit   .   (no helmet)
rElec    .         Reflect  +   (no cloak)
rCorr    .         Harm     .   (no gloves)
MR       .....                  (no boots)
Stlth    +.........             g - +4 amulet of reflection
Regen    0.2/turn               (no ring)
MPRegen  0.2/turn               (no ring)

@: infused, very slow
A: +LOS, swims, slowness 1, strong legs 1
a: Hop, Bend Time, Renounce Religion


You were on level 4 of the Dungeon.
You worshipped Cheibriados.
Cheibriados was noncommittal.
You were not hungry.

You visited 1 branch of the dungeon, and saw 4 of its levels.

You collected 220 gold pieces.

Inventory:

Hand Weapons
 a - a +0 falchion (weapon)
Armour
 b - a +0 leather armour (worn)
Jewellery
 g - a +4 amulet of reflection (around neck)
 l - a cursed amulet of inaccuracy {unknown}
 m - an uncursed ring of poison resistance {unknown}
Scrolls
 h - 4 scrolls of identify {unknown}
 i - a scroll of enchant weapon {unknown}
 q - a scroll of random uselessness {unknown}
Potions
 e - a potion of might {unknown}
 f - a potion of curing
 j - 3 potions of haste {unknown}
 n - a potion of heal wounds {unknown}
 p - a potion of degeneration {unknown}
Books
 c - a book of Battle

   Spells                             Type                      Level
   a - Infusion                       Charms                       1
   b - Shroud of Golubria             Charms/Translocation         2
   c - Song of Slaying                Charms                       2
   d - Spectral Weapon                Hexes/Charms                 3
   e - Regeneration                   Charms/Necromancy            3
Comestibles
 d - 2 bread rations
 k - a meat ration
 o - a fruit


   Skills:
 - Level 2.4 Fighting
 * Level 7.1 Long Blades
 - Level 1.2 Armour
 - Level 2.1 Dodging
 - Level 2.1 Spellcasting
 - Level 3.2 Charms


You had 7 spell levels left.
You knew the following spells:

 Your Spells              Type           Power        Failure   Level  Hunger
a - Infusion              Chrm           ##..         8%          1    #......


Dungeon Overview and Level Annotations

Branches:
Dungeon (4/15)
 Temple: D:4-7

Altars:
Cheibriados
Gozag
Qazlal
Trog

Shops:
D:4 (

Annotations:
D:3 appiemonkey's ghost, amateur DrBe


Innate Abilities, Weirdness & Mutations

Shadows flee at your approach. (+LOS)
You can swim through water.
You cover ground slowly.
You can hop short distances.


Message History

You hit the orc but do no damage.
The orc is moderately wounded.
The orc barely misses you.
You hit the orc.
You kill the orc!
Cheibriados thoroughly appreciates the change of pace.
You hit the orc.
The orc is severely wounded.
The orc hits you with a flail.
* * * LOW HITPOINT WARNING * * *
You hit the orc but do no damage.
The orc is severely wounded.
You hit the orc but do no damage.
The orc is severely wounded.
The orc hits you with a flail.
* * * LOW HITPOINT WARNING * * *
You hit the orc but do no damage.
The orc is severely wounded.
The orc hits you with a flail.
You die...

........... ###.#
#.###. ....>.##...
..#.# ## ...#### #.#
#.#.# ## #### #.# #
#.#.# ..# #.#
#.##.#.#### #.# #.#
#.........# #.#
########.######†#.##.#
#.# ..........# #o#.#
#.## #######..# #@#.#
#.##
#.)......#####.#o#
#...
#.######.......#.o
#..# #.# ###########
#).# #.# #..# #.# #
#..# #.# ...##.####...
#.# .#..........#
###.### ...##.##..###


You could see an orc.

Vanquished Creatures
  A water moccasin skeleton (D:4)
  A hound (D:4)
  A worker ant (D:4)
  3 gnolls (D:4)
  2 adders
  An ooze (D:1)
  A worm (D:3)
  An adder skeleton (D:4)
  A leopard gecko (D:2)
  2 orcs (D:4)
  3 ball pythons
  6 giant cockroaches
  4 goblins
  5 hobgoblins
  3 quokkas
  4 bats
  2 frilled lizards (D:2)
  A jackal skeleton (D:4)
  5 kobolds
  6 rats
53 creatures vanquished.

Notes
Turn   | Place    | Note
-------+----------+-------------------------------------------
     0 | D:1      | gobwax the Barachi Skald began the quest for the Orb.
     0 | D:1      | Reached XP level 1. HP: 17/17 MP: 3/3
    57 | D:1      | Reached skill level 3 in Long Blades
    57 | D:1      | Reached XP level 2. HP: 20/23 MP: 5/5
   457 | D:1      | Reached skill level 4 in Long Blades
   482 | D:1      | Reached XP level 3. HP: 8/28 MP: 6/6
  1297 | D:2      | Found a bloodstained altar of Trog.
  1792 | D:3      | Found a stormy altar of Qazlal.
  1799 | D:3      | Noticed appiemonkey's ghost (amateur DrBe)
  1800 | D:3      | Reached skill level 5 in Long Blades
  1826 | D:4      | Found an opulent altar of Gozag.
  1984 | D:4      | Reached XP level 4. HP: 30/34 MP: 7/7
  2003 | D:4      | Found Lisizau's Weapon Emporium.
  2076 | D:4      | Reached skill level 6 in Long Blades
  2076 | D:4      | Reached XP level 5. HP: 21/39 MP: 0/8
  2146 | D:4      | Found a snail-covered altar of Cheibriados.
  2161 | D:4      | Became a worshipper of Cheibriados the Contemplative
  2403 | D:4      | Reached skill level 7 in Long Blades
  2449 | D:4      | Slain by an orc

Skill      XL: |  1  2  3  4  5 |
---------------+----------------+-----
Long Blades    | 3 4 5 6 7 |  7.1
Fighting       | |  2.4
Armour         | |  1.2
Dodging        | |  2.1
Spellcasting   | |  2.1
Charms         | |  3.2

Action                   |  1- 3 |  4- 6 || total
-------------------------+-------+-------++-------
Melee: Falchion          |   141 |    84 ||   225
 Cast: Infusion          |     1 |     2 ||     3
  Use: Potion            |       |     1 ||     1
  Eat: Chunk             |     4 |     2 ||     6
Armor: Leather armour    |    37 |     7 ||    44
Dodge: Dodged            |    91 |    53 ||   144
Block: Other             |    21 |    13 ||    34
       Reflection        |     1 |       ||     1
       Rpst.: Falchion   |    34 |    20 ||    54
